 Dungeon Crawl Stone Soup version 0.21-a0-528-gf531e82 (webtiles) character file.

642249 Amnesiac the Slayer (level 27, -20/235 HPs)
             Began as a Mummy Hunter on Dec 9, 2017.
             Was the Champion of Okawaru.
             Killed from afar by Kigucac the pandemonium lord (41 damage)
             ... with a great icy blast
             ... on level 4 of the Depths.
             The game lasted 02:50:17 (72761 turns).

Amnesiac the Slayer (Mummy Hunter)                 Turns: 72761, Time: 02:50:18

Health: -20/235    AC: 46    Str: 30    XL:     27
Magic:  0/40       EV: 22    Int: 11    God:    Okawaru [******]
Gold:   3652       SH:  0    Dex: 25    Spells: 33/37 levels left

rFire    + + .     SeeInvis +   b - +18 lance "Wyrmbane" {slay drac, rPois rF+ rC+ AC+3}
rCold    + + +     Gourm    .   (no shield)
rNeg     + + +     Faith    .   e - +12 gold dragon scales
rPois    ∞         Spirit   +   K - +2 helmet {SInv}
rElec    +         Reflect  .   Y - scarf {rC+ rF+} {god gift}
rCorr    +         Harm     .   A - +3 pair of gauntlets of War {Slay+5}
MR       +++..                  y - +2 pair of boots {Stlth+} {god gift}
Stlth    ..........             L - amulet of guardian spirit
HPRegen  0.49/turn              X - ring of Seicyh {rElec MP+9 Dex+2}
MPRegen  0.27/turn              w - ring of Tierchapo {rCorr *Contam Str+3 Dex+10}

@: about to teleport, frozen, corroded, very slow
A: no food or potions, fire vulnerability, cold resistance 1, negative energy
resistance 3, torment resistance, unbreathing, in touch with death 2
0: Orb of Zot
}: 3/15 runes: serpentine, barnacled, slimy
a: Heroism, Finesse, Renounce Religion


You were on level 4 of the Depths.
You worshipped Okawaru.
Okawaru was exalted by your worship.
You were not hungry.

You visited 10 branches of the dungeon, and saw 50 of its levels.
You visited the Abyss 2 times.
You also visited: Ice Cave.

You collected 6556 gold pieces.
You spent 2904 gold pieces at shops.

Inventory:

Hand Weapons
 a - a +9 longbow of freezing {god gift}
 b - the +18 lance "Wyrmbane" (weapon) {slay drac, rPois rF+ rC+ AC+3}
   (You found it on level 5 of the Pits of Slime)

   It affects your AC (+3).
   It protects you from fire.
   It protects you from cold.
   It protects you from poison.
 x - a +0 blowgun
 Z - a +2 longbow of flaming
Missiles
 d - 1003 arrows
 i - 145 poisoned needles
 l - 6 needles of paralysis
 p - 19 curare-tipped needles
 z - 7 needles of confusion
 Q - 8 throwing nets (quivered)
Armour
 e - +12 gold dragon scales (worn)
 t - a scarf of repulsion
 y - a +2 pair of boots of stealth (worn) {god gift}
 A - the +3 pair of gauntlets of War (worn) {Slay+5}
   (You found it on level 3 of the Depths)

   It affects your accuracy and damage with ranged weapons and melee attacks
   (+5).
 K - a +2 helmet of see invisible (worn)
 U - a scarf of cloud immunity
 Y - a scarf of resistance (worn) {god gift}
Jewellery
 n - a +4 ring of protection
 w - the ring of Tierchapo (right hand) {rCorr *Contam Str+3 Dex+10}
   (You found it on level 6 of the Lair of Beasts)

   [ring of resist corrosion]

   It affects your strength (+3).
   It affects your dexterity (+10).
   It causes magical contamination when unequipped.
 B - an uncursed ring of protection from cold
 I - an uncursed ring of protection from magic
 L - an amulet of guardian spirit (around neck)
 N - an uncursed ring of flight
 R - the ring "Axileof" {+Fly rElec MR+ Slay-4}
   (You found it on level 1 of the Depths)

   [ring of flight]

   It affects your accuracy and damage with ranged weapons and melee attacks
   (-4).
   It insulates you from electricity.
   It affects your resistance to hostile enchantments.
   It lets you fly.
 X - the ring of Seicyh (left hand) {rElec MP+9 Dex+2}
   (You took it off a deep elf demonologist on level 3 of the Elven Halls)

   [ring of magical power]

   It affects your dexterity (+2).
   It insulates you from electricity.
   It affects your magic capacity (+9).
Wands
 C - a wand of digging (36)
Scrolls
 f - 2 scrolls of blinking {!r}
 g - 2 scrolls of acquirement {!r}
 h - 7 scrolls of vulnerability {!r}
 j - 16 scrolls of amnesia {!r}
 k - 14 scrolls of teleportation {!r}
 m - 12 scrolls of remove curse {!r}
 o - 10 scrolls of enchant weapon {!r}
 s - 10 scrolls of magic mapping {!r}
 v - 10 scrolls of fog {!r}
 D - 11 scrolls of fear {!r}
 E - 19 scrolls of identify {!r}
 F - 5 scrolls of silence {!r}
 M - 4 scrolls of brand weapon {!r}
 W - a scroll of summoning {!r}


   Skills:
 + Level 23.3 Fighting
 - Level 14.0(14.3) Polearms
   Level 5.0(10.5) Staves
 + Level 19.3 Bows
 + Level 19.3 Armour
 + Level 19.3 Dodging
 - Level 4.0 Stealth
 + Level 5.6 Spellcasting
 * Level 5.7 Charms
 + Level 11.7 Invocations


You had 33 spell levels left.
You knew the following spells:

 Your Spells              Type           Power        Failure   Level  Hunger
a - Song of Slaying       Chrm           ###.....     30%         2    N/A
b - Corpse Rot            Necr           N/A          97%         2    N/A

Dungeon Overview and Level Annotations

Branches:
Dungeon (15/15)            Temple (1/1) D:5            Lair (6/6) D:10
 Shoals (4/4) Lair:4        Snake (4/4) Lair:2        Slime (5/5) Lair:5
    Orc (2/2) D:9             Elf (3/3) Orc:2        Vaults (0/5) D:13
 Depths (5/5) D:15            Zot (5/5) Depths:5

Altars:
Cheibriados
Okawaru
Qazlal
Trog
Uskayaw
Xom
The Shining One
Beogh
Jiyva
Lugonu

Shops:
D:6 [   D:8 [[   D:10 :   D:13 =***   D:15 [   Orc:1 ![}   Orc:2 [(??
Elf:2 }}   Elf:3 }=}(   Shoals:1 }   Depths:5 [

Portals:
Hell: Depths:1 Depths:2 Depths:3 Depths:4 Depths:5
Abyss: Depths:1 Depths:4
Pandemonium: Depths:1 Depths:2 Depths:3
Ziggurat: Depths:5

Annotations:
Elf:2 1 runed door
Depths:4 1 transporter


Innate Abilities, Weirdness & Mutations

You do not eat or drink.
Your flesh is vulnerable to fire.
You are immune to poison.
Your flesh is cold resistant. (rC+)
You are immune to negative energy. (rN+++)
You are immune to unholy pain and torment.
You can survive without breathing.
You are strongly in touch with the powers of death.


Message History

* * * LOW HITPOINT WARNING * * *
You are knocked back by the lance of force.
You slam into the rock wall!
The Ice Fiend gestures at you. The bolt of cold misses you.
An Orb Guardian comes into view.
Things that are here:
a great sword of flaming; glowing fire dragon scales You puncture the smoke demon!
The smoke demon is moderately wounded.
You impale the smoke demon!!
The smoke demon is almost dead.
You impale the smoke demon!!
You kill the smoke demon!
Okawaru accepts your kill.
Your hands slow down.
The soul eater misses you. Kigucac gestures at you.
Kigucac conjures a mighty blast of ice!
The great icy blast engulfs the soul eater.
The soul eater partially resists.
The soul eater is frozen into a solid block of ice!
The soul eater dies!
The great icy blast engulfs you! You partially resist.
* * * LOW HITPOINT WARNING * * *
You are encased in ice.
The great icy blast engulfs the Orb Guardian.
The Orb Guardian is flash-frozen.
The hellion hits the soul eater shaped block of ice but does no damage.
The Ice Fiend claws the soul eater shaped block of ice!
The Ice Fiend freezes the soul eater shaped block of ice.
The soul eater shaped block of ice completely resists.
The Ice Fiend claws the soul eater shaped block of ice.
The Ice Fiend freezes the soul eater shaped block of ice.
The soul eater shaped block of ice completely resists.
The Orb Guardian is engulfed in freezing vapours.
Kigucac hits the soul eater shaped block of ice!!
The soul eater shaped block of ice is destroyed!
You hear a shout!
You hear a screech!
You hear an angry buzzing noise.
You hear a shout!
Something sneers, "Flee, thou mangled toad-spotted dustbag!"
You hear a deafening roar!
You hear a roar!
You hear a shout! x6
Okay, then.
You can't drink.
Unknown command.
Okay, then.
Really read
W - 2 scrolls of summoning {!r}?
As you read the scroll of summoning {!r}, it crumbles to dust.
Wisps of shadow whirl around you...
You are engulfed in freezing vapours.
You resist.
* * * LOW HITPOINT WARNING * * *
The hellion barely misses your yaktaur.
The Orb Guardian is engulfed in freezing vapours.
The Orb Guardian hits your necromancer. The Ice Fiend claws your yaktaur!!
The Ice Fiend freezes your yaktaur!!!
Your yaktaur dies!
Your yaktaur's corpse dissolves into shadows!
Kigucac gestures at you.
Kigucac conjures a mighty blast of ice!
The great icy blast engulfs your tengu reaver zombie.
Your tengu reaver zombie partially resists.
Your tengu reaver zombie is flash-frozen.
The great icy blast engulfs you! You partially resist.
You die...

H...##### #....#.....#.#
D.#..##.# #..#.#..>..#.#
......#.# #.##.#.....#.#
........# #....##...##.#
........# ###..Z##.##..#
..##.#..# #..§§§..(.## ..#.##..#
##.pC###### ........# ###X#
....###.# #@# ### .>.###### #Z#
##.## ...######
######§########...## #########
#....1&4...........## .########
#....4L2.2..........##
#)#$#|#####..[...2c:...........#
##.####.........((............##
#©.$#[#......_................##
#...###.###.....#########...#..#


You could see Kigucac, an Ice Fiend, an Orb Guardian, a lich, a balrug, an ice
devil, a rust devil, a hellion, a friendly stone giant, a friendly yaktaur, a
friendly necromancer, a friendly tengu reaver zombie and a friendly iron dragon
skeleton.

Vanquished Creatures
  Dissolution (Slime:3)
  the Royal Jelly (Slime:5)
  A seraph (Depths:4)
  6 orbs of fire
  4 ancient liches (Zot:5)
  A juggernaut (Depths:5)
  Boris (Depths:5)
  Vashnia (Snake:4)
  8 caustic shrikes
  3 curse toes
  9 golden dragons
  6 Killer Klowns (Zot:5)
  the Enchantress (Depths:1)
  2 bone dragons (Depths:2)
  A Tzitzimitl (Zot:5)
  5 electric golems
  2 liches
  10 tentacled monstrosities
  3 deep elf blademasters
  An Ice Fiend (IceCv)
  Rupert (D:12)
  2 deep elf master archers (Elf:3)
  32 Orb Guardians
  3 quicksilver dragons
  12 acid blobs
  7 death cobs
  5 pandemonium lords
  Asterion (Snake:1)
  5 sphinxes
  A kraken (Shoals:1)
  Kirke (D:14)
  6 tentacled starspawn
  7 tengu reavers
  Agnes (Snake:1)
  Roxanne (Snake:1)
  16 storm dragons
  2 azure jellies
  9 nagarajas
  9 shadow dragons
  3 frost giants
  Ilsuiw (Shoals:4)
  A daeva (Depths:4)
  2 draconian monks
  5 fire giants
  7 deep elf sorcerers
  A balrug (Depths:2)
  An orc warlord (Orc:2)
  5 draconian knights
  A cacodemon (Depths:4)
  11 large abominations
  3 deep elf elementalists (Elf:3)
  5 draconian shifters
  5 draconian scorchers
  An iron dragon (Depths:4)
  2 reapers
  5 draconian annihilators
  2 draconian stormcallers (Zot:1)
  15 stone giants
  2 war gargoyles (Zot:2)
  27 very ugly things
  6 spriggan defenders
  2 vampire knights
  17 black draconians
  7 green draconians
  8 red draconians
  2 dire elephants
  7 deep elf demonologists
  5 yellow draconians
  A lorocyproca (Depths:4)
  8 purple draconians
  5 white draconians
  6 spark wasps
  10 merfolk javelineers
  5 deep elf annihilators
  2 green deaths
  3 death oozes (Slime:5)
  8 fire dragons
  8 ettins
  The ghost of dxctxrx the Martial Artist, a journeyman GnTm of Okawaru (Lair:3)
  11 merfolk impalers
  7 deep elf death magi (Elf:3)
  10 yaktaur captains
  7 great orbs of eyes
  A monstrous demonspawn (Depths:2)
  3 rakshasas
  3 deep elf high priests
  Fannar (D:10)
  A hell beast (Depths:5)
  9 hydras
  6 centaur warriors
  15 anacondas
  A juggernaut simulacrum (Depths:2)
  8 merfolk avatars
  Erolcha (D:10)
  2 catoblepae (Lair:6)
  5 spriggan air magi
  11 ice dragons
  An alligator snapping turtle (Shoals:4)
  3 merfolk aquamancers
  18 naga warriors
  Erica (D:9)
  21 two-headed ogres
  22 death yaks
  10 tengu warriors
  3 ogre magi
  32 dancing weapons
  3 deep troll earth magi
  5 deep troll shamans
  The ghost of Torious the Destroyer, a journeyman DECj of Sif Muna (D:11)
  21 naga sharpshooters
  9 shock serpents
  24 thrashing horrors
  An orc high priest (Orc:2)
  7 hell knights
  18 deep elf knights
  A spriggan berserker (Depths:5)
  7 sixfirhies
  3 wretched stars (Abyss:4)
  5 sun demons
  3 iron trolls
  A shadow wraith (Abyss:3)
  7 salamander mystics
  13 sea snakes
  11 small abominations
  3 spatial maelstroms
  An infernal demonspawn (Depths:4)
  A cherub (Depths:4)
  16 deep trolls
  5 orange crystal statues
  A glowing orange brain (Depths:1)
  2 shadow demons
  6 naga ritualists
  2 unseen horrors (D:14)
  A kraken simulacrum (Shoals:4)
  3 wizards
  9 deep elf archers
  Pikel (D:7)
  3 lindwurms (Lair:6)
  3 necromancers
  2 phantasmal warriors (Depths:5)
  10 harpies
  3 orc sorcerers (Orc:2)
  13 shining eyes
  12 mana vipers
  3 oklob plants
  61 deep elf magi
  2 orc knights
  17 manticores
  8 fauns
  17 salamanders
  32 ugly things
  5 cyclopes
  2 worldbinders (Abyss:3)
  16 naga magi
  11 merfolk sirens
  22 elephants
  2 apocalypse crabs
  40 black mambas
  Maurice (D:9)
  A fire giant skeleton (Depths:2)
  An elephant (shapeshifter) (Depths:3)
  5 water nymphs
  8 guardian serpents
  14 moths of wrath
  14 smoke demons
  A titan simulacrum (Abyss:4)
  2 eyes of devastation
  2 rust devils
  A gargoyle (D:13)
  Joseph (D:9)
  6 orange demons
  5 torpor snails (Lair:6)
  A spiny frog (shapeshifter) (Elf:2)
  A kobold demonologist (D:12)
  9 spiny frogs
  5 centaur skeletons
  2 rime drakes
  A komodo dragon (shapeshifter) (D:15)
  35 yaktaurs
  2 efreet
  2 tormentors
  4 tengu conjurers
  A golden dragon simulacrum (IceCv)
  8 komodo dragons
  9 ice devils
  3 anaconda simulacra (IceCv)
  2 red devils
  12 hellwings
  29 merfolk
  A demonic crawler (Abyss:4)
  4 ancient zymes
  2 polar bears
  2 wolf spider simulacra (D:15)
  A wind drake (shapeshifter) (Depths:4)
  6 trolls
  A silent spectre (Abyss:5)
  Grinder (D:4)
  128 slime creatures
  3 tyrant leeches (Lair:6)
  11 wind drakes
  8 snapping turtles
  19 blink frogs
  12 hornets
  11 raiju
  8 hippogriffs
  5 dream sheep
  18 starcursed masses
  2 wraiths
  Sigmund (D:2)
  A frost giant simulacrum (Depths:2)
  3 shadows
  A vampire (D:13)
  6 spriggans
  29 water elementals
  8 air elementals
  60 yaks
  A wyvern (Lair:6)
  5 ynoxinuls
  A dire elephant simulacrum (IceCv)
  3 basilisks
  A human (D:7)
  4 fire elementals
  2 death yak simulacra (IceCv)
  11 chaos spawn
  10 golden eyes
  9 neqoxecs
  7 hogs
  A hungry ghost (D:14)
  Edmund (D:4)
  A harpy simulacrum (Abyss:3)
  62 nagas
  2 soldier ants
  2 iron troll simulacra (IceCv)
  3 spatial vortices
  The ghost of Typee the Sneak, an amateur OpFE (D:3)
  Menkaure (D:4)
  3 hell hounds (Depths:4)
  9 water moccasins
  7 hydra simulacra (IceCv)
  31 orc warriors
  7 porcupines
  2 floating eyes
  A black bear (shapeshifter) (D:15)
  3 slaves (D:7)
  An ettin simulacrum (IceCv)
  A necrophage (D:13)
  10 ice beasts
  4 sky beasts
  3 black bears
  An alligator simulacrum (IceCv)
  6 eyes of draining
  2 phantoms
  12 wolves
  10 ogres
  7 boggarts
  7 crocodiles
  12 centaurs
  A big kobold (D:14)
  9 bullfrogs
  A big kobold (shapeshifter) (Depths:5)
  Blork the orc (D:6)
  A water moccasin zombie (D:8)
  A wyvern zombie (D:12)
  An earth elemental (Elf:1)
  2 wyvern skeletons
  3 scorpions
  16 killer bees
  A swamp dragon simulacrum (IceCv)
  2 elephant simulacra (IceCv)
  16 wights
  9 electric eels
  A howler monkey (D:4)
  2 quasits
  A bullfrog zombie (D:6)
  6 crimson imps
  6 lava snakes (Snake:1)
  2 draconian simulacra (IceCv)
  29 jellies
  3 centaur zombies
  6 hounds
  A gnoll shaman (D:9)
  21 orc priests
  30 orc wizards
  2 bullfrog skeletons (D:6)
  2 iron imps
  4 iguanas
  5 lightning spires (Zot:2)
  A troll simulacrum (IceCv)
  10 worker ants
  4 polar bear simulacra
  A spriggan simulacrum (IceCv)
  A yak simulacrum (Lair:4)
  3 wolf simulacra (Lair:4)
  7 centaur simulacra
  2 bullfrog simulacra (D:12)
  2 howler monkey zombies
  Robin (D:3)
  6 gnolls
  2 howler monkey skeletons
  2 ogre simulacra (IceCv)
  14 adders
  A naga simulacrum (IceCv)
  A shadow imp (Depths:4)
  11 white imps
  8 ufetubi
  17 oozes
  2 adder zombies (D:5)
  3 worms
  8 dart slugs
  A leopard gecko (D:1)
  103 orcs
  3 ball pythons
  5 giant cockroaches
  10 goblins
  14 hobgoblins
  17 jackals
  8 quokkas
  5 bats
  2 frilled lizards
  2 goblin skeletons (D:9)
  17 kobolds
  A kobold skeleton (D:9)
  2 kobold zombies (D:9)
  An orc skeleton (D:9)
  An orc zombie (D:9)
  A quokka skeleton (D:5)
  5 rats
  4 river rat simulacra (Lair:4)
  A crawling corpse (Elf:3)
  A fungus (Lair:5)
  2 plants
  5 starspawn tentacles (Abyss:4)
  4 tentacles (Shoals:1)
2406 creatures vanquished.

Vanquished Creatures (collateral kills)
  2 azure jellies (Slime:5)
  2 deep elf archers (Elf:1)
4 creatures vanquished.

Vanquished Creatures (others)
  2 storm dragons (Zot:2)
  A draconian monk (Zot:2)
  A yaktaur captain (Depths:5)
  A shock serpent (Zot:2)
  A thrashing horror (Abyss:3)
  A naga mage (Snake:3)
  An ancient zyme (Abyss:3)
  A ynoxinul (Depths:4)
  A water elemental (Depths:3)
  A slave (D:7)
  A large abomination (Abyss:3)
  An adder (Snake:1)
  A white imp (IceCv)
  7 ufetubi
  5 ball lightnings (Zot:2)
  2 dart slugs (D:6)
  A block of ice (Depths:4)
  16 fungi
  79 plants
  12 starspawn tentacles
  5 tentacles (Shoals:1)
141 creatures vanquished.

Grand Total: 2551 creatures vanquished

Notes
Turn   | Place    | Note
-------+----------+-------------------------------------------
     0 | D:1      | Amnesiac the Mummy Hunter began the quest for the Orb.
     0 | D:1      | Reached XP level 1. HP: 16/16 MP: 1/1
    12 | D:1      | Noticed an electric eel
    61 | D:1      | Reached skill level 1 in Armour
   199 | D:1      | Reached XP level 2. HP: 17/22 MP: 2/2
   647 | D:3      | Reached XP level 3. HP: 22/27 MP: 3/3
   659 | D:3      | Noticed Typee's ghost (amateur OpFE)
   669 | D:3      | Killed Typee's ghost
   669 | D:3      | Reached XP level 4. HP: 4/34 MP: 4/4
   669 | D:3      | Reached XP level 5. HP: 5/39 MP: 5/5
  1113 | D:4      | Noticed Edmund
  1148 | D:5      | Entered Level 5 of the Dungeon
  1379 | D:5      | Reached skill level 3 in Fighting
  1459 | D:4      | Reached XP level 6. HP: 41/47 MP: 6/6
  1574 | D:4      | Noticed Menkaure
  1586 | D:4      | Killed Menkaure
  1620 | D:4      | Noticed Grinder
  1632 | D:4      | Paralysed by Grinder for 4 turns
  1642 | D:4      | Killed Grinder
  1642 | D:4      | Reached skill level 5 in Bows
  1642 | D:4      | Reached XP level 7. HP: 50/53 MP: 7/7
  1914 | D:4      | Killed Edmund
  1914 | D:4      | Reached skill level 4 in Fighting
  2242 | D:6      | Found an iron altar of Okawaru.
  2242 | D:6      | Found a hide-covered altar of Uskayaw.
  2242 | D:6      | Found a stormy altar of Qazlal.
  2242 | D:6      | Found a bloodstained altar of Trog.
  2248 | D:6      | Became a worshipper of Warmaster Okawaru
  2392 | D:3      | Noticed Robin
  2398 | D:3      | Killed Robin
  2798 | D:2      | Noticed Sigmund
  2822 | D:2      | Killed Sigmund
  4013 | D:3      | Reached XP level 8. HP: 55/61 MP: 8/8
  4338 | D:4      | Reached * piety under Okawaru
  5067 | D:5      | Found a staircase to the Ecumenical Temple.
  5076 | Temple   | Entered the Ecumenical Temple
  5618 | D:5      | Reached skill level 5 in Fighting
  6179 | D:6      | Reached ** piety under Okawaru
  6266 | D:6      | Found Nufe Uwa's Antique Armour Shoppe.
  6269 | D:6      | Bought a pair of gloves for 103 gold pieces
  6269 | D:6      | Bought a pair of boots for 103 gold pieces
  6347 | D:6      | Noticed Blork the orc
  6351 | D:6      | Killed Blork the orc
  6389 | D:6      | Reached XP level 9. HP: 55/68 MP: 9/9
  6963 | D:6      | Got a faintly glowing shield
  7349 | D:7      | Noticed Pikel
  7371 | D:7      | Killed Pikel
  7371 | D:7      | Reached *** piety under Okawaru
  7371 | D:7      | Reached skill level 6 in Fighting
  7371 | D:7      | Reached skill level 5 in Armour
  7371 | D:7      | Reached skill level 5 in Dodging
  7947 | D:7      | Received a gift from Okawaru
  7988 | D:7      | Reached XP level 10. HP: 25/77 MP: 10/10
  9103 | D:7      | Reached **** piety under Okawaru
  9225 | D:7      | Reached skill level 7 in Fighting
  9771 | D:8      | Received a gift from Okawaru
  9789 | D:8      | Noticed a two-headed ogre
 10142 | D:8      | Found a runed door.
 10149 | D:8      | Noticed an orange crystal statue
 10151 | D:8      | Found the +10 large shield of Ignorance {rN+ Int-4}
 10161 | D:8      | Found a runed door.
 10349 | D:8      | Found Soelemn's Armour Boutique.
 10448 | D:8      | Bought a +0 helmet of see invisible for 138 gold pieces
 10484 | D:8      | Killed a two-headed ogre
 10592 | D:8      | Found Fofo's Antique Armour Emporium.
 10661 | D:8      | Found a snail-covered altar of Cheibriados.
 10960 | D:8      | Noticed an orange crystal statue
 10960 | D:8      | Noticed an orange crystal statue
 10960 | D:8      | Noticed an orange crystal statue
 11203 | D:9      | Noticed Maurice
 11253 | D:9      | Killed Maurice
 11262 | D:9      | Found a shimmering altar of Xom.
 11452 | D:9      | Noticed Joseph
 11462 | D:9      | HP: 4/80 [Joseph/sling bullet (16)]
 11801 | D:8      | Identified the +0 shield of Heriz {rC++ MR- rCorr Stlth+} (You found it on level 6 of the Dungeon)
 11838 | D:9      | Killed Joseph
 11838 | D:9      | Reached ***** piety under Okawaru
 11866 | D:9      | Found a glowing golden altar of the Shining One.
 11993 | D:9      | Noticed Erica
 12032 | D:9      | Killed Erica
 12032 | D:9      | Received a gift from Okawaru
 12032 | D:9      | Received a gift from Okawaru
 12032 | D:9      | Reached XP level 11. HP: 66/86 MP: 11/11
 12162 | D:9      | Found a staircase to the Orcish Mines.
 12162 | D:9      | Noticed a two-headed ogre
 12364 | D:9      | Noticed a two-headed ogre
 12399 | D:9      | Killed a two-headed ogre
 12399 | D:9      | Received a gift from Okawaru
 12399 | D:9      | Reached skill level 8 in Fighting
 12796 | D:9      | Killed a two-headed ogre
 12796 | D:9      | Reached skill level 10 in Bows
 13198 | D:10     | Entered Level 10 of the Dungeon
 13316 | D:10     | Found a staircase to the Lair.
 13540 | D:10     | Found Launusur's Book Shoppe.
 13733 | D:10     | Noticed Fannar
 13893 | D:10     | Killed Fannar
 14094 | D:10     | Noticed Erolcha
 14117 | D:10     | Killed Erolcha
 14451 | D:10     | Noticed a two-headed ogre
 14467 | D:10     | HP: 2/87 [centaur/arrow (4)]
 14890 | D:10     | Killed a two-headed ogre
 14890 | D:10     | Received a gift from Okawaru
 15738 | D:8      | Noticed a two-headed ogre
 15905 | D:8      | Noticed a two-headed ogre
 15906 | D:8      | Noticed a two-headed ogre
 16204 | Lair:1   | Entered Level 1 of the Lair of Beasts
 16204 | Lair:1   | Noticed an oklob plant
 16206 | Lair:1   | Noticed an oklob plant
 16448 | Lair:1   | Killed an oklob plant
 16613 | Lair:1   | Noticed a seven-headed hydra
 16673 | D:10     | Killed a one-headed hydra
 16673 | D:10     | Reached skill level 5 in Invocations
 17089 | Lair:1   | Killed an oklob plant
 17485 | Lair:1   | You fall through a shaft!
 17844 | Lair:2   | Reached XP level 12. HP: 66/94 MP: 15/17
 18575 | Lair:2   | Found a staircase to the Snake Pit.
 19167 | Lair:3   | Noticed dxctxrx's ghost (journeyman GnTm)
 19215 | Lair:4   | Noticed a five-headed hydra
 19282 | Lair:3   | Noticed a six-headed hydra
 19311 | Lair:2   | Killed a one-headed hydra
 19951 | Lair:3   | Killed dxctxrx's ghost
 20694 | Lair:4   | Reached skill level 9 in Fighting
 20770 | Lair:3   | Received a gift from Okawaru
 20894 | Lair:3   | Received a gift from Okawaru
 21062 | Lair:4   | Killed a one-headed hydra
 21331 | Lair:4   | Received a gift from Okawaru
 21334 | Lair:4   | Noticed a death yak
 21340 | Lair:4   | Noticed a death yak
 21341 | Lair:4   | Noticed a death yak
 21346 | Lair:4   | Noticed a death yak
 21449 | Lair:3   | Killed a death yak
 21449 | Lair:3   | Received a gift from Okawaru
 21449 | Lair:3   | Gained mutation: You are in touch with the powers of death. [Mummy growth]
 21449 | Lair:3   | Reached XP level 13. HP: 35/101 MP: 19/19
 22085 | Lair:4   | Got a steaming scale mail
 22164 | Lair:4   | Identified the +2 scale mail of Freedom {rElec rCorr Int-4 Dex+8} (You found it on level 4 of the Lair of Beasts)
 22485 | Lair:4   | Found a staircase to the Shoals.
 22614 | Lair:5   | Received a gift from Okawaru
 22621 | Lair:5   | Reached skill level 10 in Fighting
 22891 | Lair:5   | Reached ****** piety under Okawaru
 22891 | Lair:5   | Received a gift from Okawaru
 23062 | Lair:5   | Found a staircase to the Slime Pits.
 23067 | Lair:5   | Received a gift from Okawaru
 23123 | Lair:5   | Received a gift from Okawaru
 23169 | Lair:5   | Received a gift from Okawaru
 23176 | Lair:5   | Reached XP level 14. HP: 50/111 MP: 20/20
 23182 | Lair:5   | Got a crude shield {god gift}
 23661 | Lair:6   | Identified a hardcover manual (You found it on level 6 of the Lair of Beasts)
 23661 | Lair:6   | Entered Level 6 of the Lair of Beasts
 24336 | Lair:6   | Reached skill level 11 in Fighting
 24639 | Lair:6   | Got a vibrating lapis lazuli ring
 24641 | Lair:6   | Identified the ring of Tierchapo {rCorr *Contam Str+3 Dex+10} (You found it on level 6 of the Lair of Beasts)
 25076 | Lair:6   | Got a steaming dire flail
 25077 | Lair:6   | Identified the cursed +0 dire flail of Defiance {crush, +Rage Dex+2} (You found it on level 6 of the Lair of Beasts)
 25110 | Lair:6   | Received a gift from Okawaru
 25377 | Lair:6   | Found a runed door.
 25469 | Lair:6   | Received a gift from Okawaru
 26169 | D:6      | Bought a shiny plate armour for 598 gold pieces
 26169 | D:6      | Bought a glowing scarf for 184 gold pieces
 26279 | Orc:1    | Entered Level 1 of the Orcish Mines
 26279 | Orc:1    | Found Daodanet's Gadget Shop.
 26325 | Orc:1    | Found Hywewoed's Armour Shop.
 26508 | Orc:2    | Entered Level 2 of the Orcish Mines
 26594 | Orc:1    | Found Zyffith's Distillery.
 26767 | Orc:2    | Found a roughly hewn altar of Beogh.
 26784 | Orc:2    | Found Itojees's Magic Scroll Shoppe.
 27084 | Orc:2    | Found a roughly hewn altar of Beogh.
 27105 | Orc:2    | Found a staircase to the Elven Halls.
 27169 | Orc:2    | Found a roughly hewn altar of Beogh.
 27216 | Orc:2    | Reached XP level 15. HP: 119/119 MP: 21/21
 27371 | Orc:2    | Found a roughly hewn altar of Beogh.
 27400 | Orc:2    | Found a roughly hewn altar of Beogh.
 27404 | Orc:2    | Reached skill level 10 in Armour
 27418 | Orc:2    | Found Weireim's Magic Scroll Shoppe.
 27665 | Orc:2    | Reached skill level 10 in Dodging
 27690 | Orc:2    | Noticed an orc warlord
 27733 | Orc:2    | Killed an orc warlord
 27818 | Orc:2    | Found Ipotuetu's Antique Weapon Shoppe.
 27819 | Orc:2    | Found a roughly hewn altar of Beogh.
 27820 | Orc:2    | Found Ipaluwn's Antique Armour Emporium.
 27834 | Orc:2    | Bought a shimmering scale mail for 351 gold pieces
 27844 | Orc:2    | Identified the +4 scale mail of Tulips {MR+} (You bought it in a shop on level 2 of the Orcish Mines)
 27998 | D:8      | Bought the cursed +1 plate armour of the Desolation of Salt {rPois rF+} for 518 gold pieces
 28117 | Elf:1    | Entered Level 1 of the Elven Halls
 28215 | Orc:2    | Received a gift from Okawaru
 28421 | Elf:1    | Received a gift from Okawaru
 28634 | Orc:2    | Bought a scroll of enchant weapon for 97 gold pieces
 28635 | Orc:2    | Bought a scroll of teleportation for 39 gold pieces
 28635 | Orc:2    | Bought a scroll of magic mapping for 45 gold pieces
 28743 | Elf:1    | Received a gift from Okawaru
 28749 | Elf:1    | Reached skill level 12 in Fighting
 29667 | Elf:1    | Received a gift from Okawaru
 30698 | Elf:2    | Noticed a deep elf sorcerer
 30701 | Elf:2    | Killed a deep elf sorcerer
 30953 | Elf:2    | Found a runed door.
 30976 | Elf:2    | Found a runed door.
 31152 | Elf:2    | Got a faintly glowing dagger
 31208 | Elf:2    | Reached XP level 16. HP: 86/129 MP: 22/22
 31287 | Elf:2    | Found Aritz's Gadget Boutique.
 31287 | Elf:2    | Found Hutuy's Gadget Shop.
 31848 | Elf:2    | Received a gift from Okawaru
 31870 | Elf:2    | Reached skill level 15 in Bows
 31916 | Elf:2    | Received a gift from Okawaru
 31945 | Elf:2    | Noticed a deep elf blademaster
 31958 | Elf:2    | Killed a deep elf blademaster
 32159 | Elf:2    | Reached skill level 13 in Fighting
 32183 | Elf:2    | Received a gift from Okawaru
 32588 | Elf:3    | Entered Level 3 of the Elven Halls
 32665 | Elf:3    | Received a gift from Okawaru
 32962 | Elf:3    | Received a gift from Okawaru
 33087 | Elf:3    | Found Cosh's Gadget Emporium.
 33088 | Elf:3    | Found Urofu's Jewellery Boutique.
 33089 | Elf:3    | Found Hoeqoffe's Gadget Emporium.
 33110 | Elf:3    | Received a gift from Okawaru
 33185 | Elf:3    | Identified the +7 dagger of Awkwardness {pierce, MP+9 Int+4} (You found it on level 2 of the Elven Halls)
 33672 | Elf:3    | Noticed an Executioner
 33678 | Elf:3    | Noticed a Brimstone Fiend
 33679 | Elf:3    | Noticed a deep elf blademaster
 33700 | Elf:3    | Killed a deep elf blademaster
 33702 | Elf:3    | Received a gift from Okawaru
 33730 | Elf:3    | Reached XP level 17. HP: 99/138 MP: 18/23
 33738 | Elf:3    | Reached skill level 14 in Fighting
 33796 | Elf:3    | Got a steaming war axe {antimagic}
 33796 | Elf:3    | Got a scorched granite ring
 33799 | Elf:3    | Identified the ring of Seicyh {rElec MP+9 Dex+2} (You took it off a deep elf demonologist on level 3 of the Elven Halls)
 33839 | Elf:3    | Received a gift from Okawaru
 33876 | Elf:3    | Cast into level 2 of the Abyss (a deep elf sorcerer)
 33967 | Abyss:3  | Found a corrupted altar of Lugonu.
 34045 | Abyss:3  | Received a gift from Okawaru
 34180 | Abyss:3  | Received a gift from Okawaru
 34431 | Abyss:3  | HP: 6/140 [small abomination (11)]
 34462 | Abyss:4  | Noticed a Hell Sentinel
 34521 | Abyss:4  | Reached skill level 1 in Stealth
 34729 | Abyss:4  | Reached skill level 15 in Fighting
 34748 | Abyss:4  | Received a gift from Okawaru
 34861 | Abyss:4  | Noticed a bone dragon
 34868 | Abyss:5  | Entered Level 5 of the Abyss
 34868 | Abyss:5  | Found a corrupted altar of Lugonu.
 34985 | Abyss:5  | Reached XP level 18. HP: 63/149 MP: 24/24
 34995 | Abyss:5  | HP: 4/149 [starcursed mass/accursed screaming (8)]
 34997 | Elf:3    | Escaped the Abyss
 35239 | Elf:3    | Cast into level 2 of the Abyss (a deep elf sorcerer)
 35433 | Abyss:3  | Found a corrupted altar of Lugonu.
 35545 | Abyss:3  | Received a gift from Okawaru
 35545 | Abyss:3  | Reached skill level 1 in Staves
 35569 | Abyss:3  | Paralysed by accursed screaming for 1 turns
 35574 | Abyss:3  | Paralysed by accursed screaming for 1 turns
 35847 | Elf:3    | Escaped the Abyss
 36020 | Elf:3    | HP: 2/149 [deep elf high priest/damnation (41)]
 36274 | Elf:3    | Reached skill level 5 in Staves
 36276 | Elf:3    | Got a twisted flail {crush}
 36287 | Elf:3    | Identified the +2 flail of Qazlal {crush, MP+9 Str-4 Int+5} (You took it off a deep elf annihilator on level 3 of the Elven Halls)
 36344 | Elf:3    | Got a glittering platinum ring
 36392 | Elf:3    | Got a fine mace
 36397 | Elf:3    | Got a translucent longbow
 36398 | Elf:3    | Identified the +3 longbow "Brush" {freeze, rC- Int+5} (You found it on level 3 of the Elven Halls)
 36411 | Elf:3    | Identified the +5 mace "Niyfal" {venom, +Fly MR+ Int-5 Dex+9} (You found it on level 3 of the Elven Halls)
 36487 | Elf:3    | Identified the Grimoire of the Supportive Birds
 36554 | Elf:3    | Found Nukiw's Antique Weapon Boutique.
 36560 | Elf:3    | Got a smoking ring mail
 36575 | Elf:3    | Identified the +1 ring mail of the Duke {+Fly rPois Int+2} (You found it on level 3 of the Elven Halls)
 36617 | Elf:3    | Identified the ring "Vyedgh" {AC+1 Dex+3} (You took it off a deep elf death mage on level 3 of the Elven Halls)
 36857 | Snake:1  | Entered Level 1 of the Snake Pit
 37202 | Snake:1  | Noticed Asterion
 37212 | Snake:1  | Killed Asterion
 37238 | Snake:1  | Received a gift from Okawaru
 37555 | Snake:1  | Noticed Roxanne
 37582 | Snake:1  | Killed Roxanne
 37582 | Snake:1  | Reached skill level 15 in Armour
 37643 | Snake:1  | Noticed Agnes
 37652 | Snake:1  | Killed Agnes
 37678 | Snake:1  | Identified a scroll of acquirement
 37896 | Snake:2  | Found a frozen archway.
 37910 | IceCv    | Entered an ice cave
 38003 | IceCv    | Got a heavily runed plate armour
 38250 | IceCv    | Noticed an Ice Fiend
 38284 | IceCv    | Killed an Ice Fiend
 38484 | IceCv    | Identified the cursed +0 plate armour of the Moneychanger {rF+ rC+} (You found it in an ice cave)
 38497 | IceCv    | Got a twitching ivory ring
 38499 | IceCv    | Identified the ring "Bireaf" {rPois rC- MR+ Dex+2} (You found it in an ice cave)
 39331 | Snake:2  | Reached XP level 19. HP: 35/155 MP: 25/25
 39334 | Snake:2  | Received a gift from Okawaru
 39337 | Snake:2  | Got a translucent great sword {god gift}
 39338 | Snake:2  | Identified the +3 great sword "Pise Jan" {god gift, venom, +Rage rPois Str+2 Stlth+} (Okawaru gifted it to you on level 2 of the Snake Pit)
 40231 | Snake:3  | Found a bloodstained altar of Trog.
 40661 | Snake:4  | Entered Level 4 of the Snake Pit
 40674 | Snake:4  | Received a gift from Okawaru
 40941 | Snake:4  | Reached skill level 15 in Dodging
 40955 | Snake:4  | Received a gift from Okawaru
 41130 | Snake:4  | Received a gift from Okawaru
 41236 | Snake:4  | Received a gift from Okawaru
 41266 | Snake:4  | Noticed Vashnia
 41439 | Snake:4  | Received a gift from Okawaru
 41696 | Snake:4  | Killed Vashnia
 41864 | Snake:4  | Received a gift from Okawaru
 41909 | Snake:4  | Reached skill level 16 in Fighting
 41953 | Snake:4  | Reached XP level 20. HP: 148/164 MP: 26/26
 42032 | Snake:4  | Got a pitted jade ring
 42128 | Snake:4  | Got a serpentine rune of Zot
 42244 | Snake:4  | Got a scorched quarterstaff {god gift}
 42457 | Shoals:1 | Entered Level 1 of the Shoals
 42467 | Lair:4   | Received a gift from Okawaru
 42593 | Shoals:1 | Found Lumoul's Gadget Emporium.
 42673 | Shoals:1 | Received a gift from Okawaru
 42676 | Shoals:1 | Got a smoking robe {god gift}
 42694 | Shoals:1 | Identified the +2 robe of Sipehem {god gift, *Corrode +Fly rN++ SInv} (Okawaru gifted it to you on level 1 of the Shoals)
 42710 | Shoals:1 | Identified the Disquisition on Evil
 43018 | Shoals:1 | Identified the ring of Nuhol {rElec MP+9 Dex-2 Stlth-} (You took it off a naga on level 4 of the Snake Pit)
 43495 | Shoals:2 | Got a crystal spear
 43571 | Shoals:2 | Got a spiked leather armour
 43598 | Shoals:2 | Reached skill level 10 in Invocations
 43621 | Shoals:2 | Identified the +12 spear "Feimaile" {antimagic, rF- Str+3 Dex+6} (You found it on level 2 of the Shoals)
 43632 | Shoals:2 | Identified the cursed +0 leather armour of Baotucu {rElec rPois Str+4 Slay-4} (You found it on level 2 of the Shoals)
 43643 | Shoals:2 | Identified the +6 quarterstaff "Starlight" {god gift, freeze, Str+5} (Okawaru gifted it to you on level 4 of the Snake Pit)
 44545 | Shoals:3 | Reached skill level 17 in Fighting
 44813 | Shoals:4 | Entered Level 4 of the Shoals
 45011 | Shoals:4 | Learned a level 2 spell: Song of Slaying
 45014 | Shoals:4 | Learned a level 2 spell: Corpse Rot
 45014 | Shoals:4 | Got a shimmering spear {drain}
 45078 | Shoals:4 | Noticed Ilsuiw
 45106 | Shoals:4 | Killed Ilsuiw
 45284 | Shoals:4 | Got a fine dagger
 45593 | Shoals:4 | Received a gift from Okawaru
 45644 | Shoals:4 | Reached skill level 18 in Fighting
 45844 | Shoals:4 | Got a barnacled rune of Zot
 45964 | Slime:1  | Entered Level 1 of the Pits of Slime
 47323 | Slime:2  | Received a gift from Okawaru
 47376 | Slime:2  | Reached XP level 21. HP: 53/178 MP: 15/28
 48359 | Slime:2  | Reached skill level 19 in Fighting
 49289 | Slime:2  | Noticed Dissolution
 49367 | Slime:3  | Killed Dissolution
 50522 | Slime:2  | Received a gift from Okawaru
 51043 | Slime:3  | Identified the +10 dagger "Mepow" {pierce, rC+} (You found it on level 4 of the Shoals)
 51045 | Slime:3  | Identified the +9 spear of the World {drain, rPois Str+2} (You took it off a merfolk on level 4 of the Shoals)
 51608 | Slime:4  | Reached skill level 20 in Fighting
 51615 | Slime:4  | Received a gift from Okawaru
 52258 | Slime:5  | Entered Level 5 of the Pits of Slime
 52454 | Slime:5  | Noticed the Royal Jelly
 52455 | Slime:5  | Found the +8 lance "Wyrmbane" {slay drac, rPois rF+ rC+ AC+3}
 52455 | Slime:5  | Found a viscous altar of Jiyva.
 52467 | Slime:5  | Killed the Royal Jelly
 52750 | Slime:5  | Got an ebony mace
 52754 | Slime:5  | Got a slimy rune of Zot
 52755 | Slime:5  | Identified Efatune's Guide on Bewitching Transmutation
 52762 | Slime:5  | Got a jewelled chain mail
 52773 | Slime:5  | Identified the +1 chain mail "Fualazar" {rElec Int+5} (You found it on level 5 of the Pits of Slime)
 52812 | Slime:5  | Got a translucent falchion
 52866 | Slime:5  | Got a pitted hunting sling
 53318 | D:11     | Got an encrusted whip
 53663 | D:11     | Noticed Torious's ghost (journeyman DECj)
 53665 | D:11     | Killed Torious's ghost
 54138 | D:12     | Noticed Rupert
 54145 | D:12     | Killed Rupert
 54657 | D:13     | Found Humpiruy's Jewellery Shop.
 54825 | D:13     | Identified the Grimoire of Boosting Ice
 54919 | D:13     | Found a gate to the Vaults.
 54988 | D:13     | Found Viext's Assorted Antiques.
 55079 | D:13     | Found Cava's General Store.
 55088 | D:13     | Found Ovisithra's General Store.
 55093 | D:13     | Bought a scroll of acquirement for 728 gold pieces
 55289 | D:14     | Noticed Kirke
 55296 | D:14     | Killed Kirke
 55391 | D:14     | Received a gift from Okawaru
 55503 | D:14     | Got a translucent chain mail
 55963 | D:15     | Entered Level 15 of the Dungeon
 56165 | D:15     | Found a staircase to the Depths.
 56170 | D:15     | Reached XP level 22. HP: 190/190 MP: 29/29
 56308 | D:15     | Found Bumoy's Armour Emporium.
 56695 | D:15     | Got a bloodstained falchion
 57003 | D:15     | Got a translucent shield
 57140 | Depths:1 | Entered Level 1 of the Depths
 57156 | Depths:1 | Got a serpentine ivory ring
 57158 | Depths:1 | Identified the ring "Axileof" {+Fly rElec MR+ Slay-4} (You found it on level 1 of the Depths)
 57327 | Depths:1 | Noticed the Enchantress
 57348 | Depths:1 | Killed the Enchantress
 57348 | Depths:1 | Reached skill level 5 in Polearms
 57350 | Depths:1 | Got faerie dragon scales
 57515 | Depths:1 | Found a corrupted altar of Lugonu.
 57555 | Depths:1 | Found a one-way gate to the infinite horrors of the Abyss.
 57868 | Depths:1 | Found a one-way gate leading to the halls of Pandemonium.
 58119 | Depths:1 | Reached skill level 10 in Polearms
 58238 | Depths:1 | Found a gateway to Hell.
 58423 | Depths:2 | Found a hide-covered altar of Uskayaw.
 58423 | Depths:2 | Noticed a caustic shrike
 58423 | Depths:2 | Noticed a caustic shrike
 58432 | Depths:2 | Killed a caustic shrike
 58432 | Depths:2 | Received a gift from Okawaru
 58435 | Depths:2 | Killed a caustic shrike
 58525 | Depths:2 | Received a gift from Okawaru
 58526 | Depths:2 | Got a steaming quarterstaff {god gift}
 58586 | Depths:2 | Noticed a caustic shrike
 58595 | Depths:2 | Killed a caustic shrike
 59464 | Depths:2 | Received a gift from Okawaru
 59520 | Depths:2 | Identified the +5 faerie dragon scales {*Drain rCorr Dex+4} (You took it off the Enchantress on level 1 of the Depths)
 59530 | Depths:2 | Identified the cursed +0 chain mail "Atratedu" {rElec SInv} (You found it on level 14 of the Dungeon)
 59671 | Depths:2 | Noticed a golden dragon
 59697 | Depths:2 | Killed a golden dragon
 59697 | Depths:2 | Reached XP level 23. HP: 172/198 MP: 31/31
 61297 | Depths:3 | Received a gift from Okawaru
 62450 | Depths:4 | Paralysed by a floating eye for 2 turns
 63024 | Depths:4 | Found a transporter.
 63043 | Depths:3 | Received a gift from Okawaru
 63080 | Depths:3 | Reached skill level 21 in Fighting
 63412 | Depths:3 | Got a smoking quarterstaff {flame}
 63417 | Depths:3 | Got a clouded ivory ring
 63429 | Depths:3 | Got a crude scale mail {god gift}
 63445 | Depths:3 | Found the +3 pair of gauntlets of War {Slay+5}
 63610 | Depths:4 | Found a snail-covered altar of Cheibriados.
 63859 | Depths:5 | Entered Level 5 of the Depths
 64008 | Depths:5 | Reached XP level 24. HP: 206/208 MP: 31/31
 64064 | Depths:5 | Found a gate to the Realm of Zot.
 64217 | Depths:5 | Received a gift from Okawaru
 64320 | Depths:5 | Found a gateway to a ziggurat.
 64475 | Depths:5 | Received a gift from Okawaru
 64522 | Depths:5 | Noticed Boris
 64541 | Depths:5 | Killed Boris
 64547 | Depths:5 | Found Rinweylle's Antique Armour Boutique.
 64992 | Depths:5 | Noticed a juggernaut
 65006 | Depths:5 | Killed a juggernaut
 65033 | Depths:5 | Received a gift from Okawaru
 65149 | Zot:1    | Entered Level 1 of the Realm of Zot
 65247 | Zot:1    | Received a gift from Okawaru
 65499 | Zot:1    | Received a gift from Okawaru
 65503 | Zot:1    | Got a crystal short sword {god gift}
 65554 | Zot:1    | Got a steaming long sword
 65877 | Zot:1    | Reached XP level 25. HP: 199/216 MP: 31/31
 66083 | Zot:1    | Received a gift from Okawaru
 66352 | Zot:2    | Reached skill level 22 in Fighting
 66855 | Zot:2    | Identified the ring of the Oligarchy {*Corrode rElec rPois MR+ Str+5} (You took it off a hell knight on level 3 of the Depths)
 67921 | Zot:3    | Received a gift from Okawaru
 67922 | Zot:3    | Got a slimy buckler {god gift}
 68991 | Zot:4    | Gained mutation: You are strongly in touch with the powers of death. [Mummy growth]
 68991 | Zot:4    | Reached XP level 26. HP: 224/226 MP: 31/31
 69019 | Zot:5    | Entered Level 5 of the Realm of Zot
 69194 | Zot:5    | Noticed an orb of fire
 69236 | Zot:5    | Killed an orb of fire
 69236 | Zot:5    | Received a gift from Okawaru
 69715 | Zot:5    | Noticed an ancient lich
 69733 | Zot:5    | Killed an ancient lich
 70006 | Zot:5    | Noticed an orb of fire
 70024 | Zot:5    | Killed an orb of fire
 70045 | Zot:5    | Noticed an ancient lich
 70049 | Zot:5    | Reached skill level 23 in Fighting
 70088 | Zot:5    | Killed an ancient lich
 70165 | Zot:5    | Received a gift from Okawaru
 70225 | Zot:5    | Received a gift from Okawaru
 70319 | Zot:5    | Noticed an ancient lich
 70320 | Zot:5    | Noticed an orb of fire
 70337 | Zot:5    | Noticed an ancient lich
 70338 | Zot:5    | Noticed an orb of fire
 70352 | Zot:5    | Killed an ancient lich
 70354 | Zot:5    | HP: 5/228 [orb of fire/fireball (27)]
 70871 | Zot:5    | Noticed an orb of fire
 70893 | Zot:5    | Killed an orb of fire
 70903 | Zot:5    | Noticed an orb of fire
 70929 | Zot:5    | Killed an orb of fire
 70955 | Zot:5    | Killed an ancient lich
 71013 | Zot:5    | Killed an orb of fire
 71013 | Zot:5    | Reached skill level 1 in Spellcasting
 71013 | Zot:5    | Reached skill level 1 in Charms
 71086 | Zot:5    | Reached XP level 27. HP: 209/235 MP: 31/31
 71143 | Zot:5    | Got the Orb of Zot
 71203 | Zot:5    | Noticed Weetai the pandemonium lord
 71218 | Zot:5    | Killed Weetai the pandemonium lord
 71305 | Zot:5    | Received a gift from Okawaru
 71435 | Zot:5    | Noticed Hozupugo the pandemonium lord
 71463 | Zot:5    | Killed Hozupugo the pandemonium lord
 71525 | Zot:5    | Received a gift from Okawaru
 71838 | Zot:5    | Noticed Loywylao the pandemonium lord
 71863 | Zot:4    | Killed an orb of fire
 72044 | Depths:4 | Found a transporter.
 72064 | Depths:4 | Noticed a juggernaut
 72444 | Depths:4 | Noticed Fucrygoz the pandemonium lord
 72480 | Depths:4 | Killed Fucrygoz the pandemonium lord
 72490 | Depths:4 | Noticed Riagah the pandemonium lord
 72515 | Depths:4 | Killed Riagah the pandemonium lord
 72527 | Depths:4 | Reached skill level 5 in Charms
 72571 | Depths:4 | Reached skill level 5 in Spellcasting
 72625 | Depths:4 | Noticed a seraph
 72650 | Depths:4 | Killed a seraph
 72661 | Depths:4 | Noticed Ludutibb the pandemonium lord
 72667 | Depths:4 | Noticed Kigucac the pandemonium lord
 72702 | Depths:4 | Killed Ludutibb the pandemonium lord
 72761 | Depths:4 | Killed from afar by Kigucac the pandemonium lord

Vault maps used:
D:1:      arrival_aquarium_a, serial_glass, glass_columns_b, glass_columns_a,
          st_stairs_8
D:2:      uniq_sigmund
D:3:      uniq_robin
D:4:      uniq_edmund, uniq_grinder, uniq_menkaure
D:5:      minmay_temple_entry_poolview, first_bread
D:6:      kennysheep_slugbush, chequers_temple_overflow_statue_of_worship,
          serial_shops, nicolae_shop_behind_doors, uniq_blork_the_orc
D:7:      grunt_livestock, sigmund_army, uniq_pikel
D:8:      marbit_many_paths, serial_shops, shop, shop,
          chequers_guarded_unrand_ignorance
D:9:      nicolae_tso_besieged_by_evil, basic_altar, uniq_joseph, uniq_erica,
          uniq_maurice
D:10:     david_lair_shrubbed, serial_shops, shop_statue,
          minmay_misc_feat_enclosed, uniq_fannar, uniq_erolcha
D:11:     hive_lemuel
D:12:     serial_ice, serial_ice_k, serial_ice_b, serial_ice_g, serial_ice_n,
          serial_ice_f, serial_ice_h, uniq_rupert
D:13:     david_vaults_1, serial_shops, kennysheep_little_box,
          kennysheep_mini_moat, shop, nicolae_shop_window_shopping,
          serial_glass, glass_columns_c, glass_columns_a
D:14:     minmay_misc_feat_pillars, uniq_kirke
D:15:     hangedman_depths_entry_try_elsewhere_first, serial_ice, serial_ice_g,
          serial_ice_d, serial_ice_e, serial_ice_l, serial_ice_h, serial_shops,
          shop, patterned_corridor, wad_scary_box
Temple:   eino_temple_scatter_basement
Lair:1:   minmay_lair_oklob_chamber
Lair:2:   minmay_snake_entry_spellcaster, st_stairs_11
Lair:3:   serial_bayou_shore_a
Lair:4:   minmay_shoals_entry_hut, eino_house_with_fridge
Lair:5:   lemuel_slime, minmay_slime_entry_jelly_boxes,
          infiniplex_staircase_pool
Lair:6:   hangedman_lair_in_review, wormcave, nicolae_quartered_pool_super
Shoals:1: serial_shops, shop, nicolae_shoals_kraken_intersection
Shoals:4: shoals_end_grunt_ice, shoals_ilsuiw_ice
Snake:1:  st_stairs_10, serial_bayou_ford_a, nicolae_snake_lava_pool,
          uniq_roxanne, uniq_agnes, uniq_asterion
Snake:2:  portal_ice_cave_entry_pillars_1
Snake:3:  special_room, basic_altar
Snake:4:  johnstein_snake_rune_scales
Slime:2:  nicolae_slime_phagocytosis, uniq_dissolution
Slime:3:  nicolae_slime_pool
Orc:1:    serial_shops, nicolae_shop_crystal, nicolae_shop_crystal, shop
Orc:2:    grunt_orc_community_town_hall, grunt_orc_community_big_house_1,
          grunt_orc_community_big_house_2, grunt_orc_community_house_2,
          grunt_orc_community_house_3, grunt_orc_community_house_1,
          grunt_orc_community_house_1, grunt_orc_community_house_2
Elf:1:    minmay_elf_arrival_circle, kennysheep_underground_church,
          feat_on_display
Elf:2:    minivault_16, minmay_shoptagon
Elf:3:    elf_hall_gauntlet_narrow, serial_shops, shop, minmay_shop_grove
Depths:1: due_chaos_kobolds, pan_entry, hangedman_geh_valley,
          kennysheep_generic_room_13, uniq_enchantress
Depths:2: regret_index_uskayaw_diablada_macabre, hell_entry,
          rand_demon_pan_entry_7, serial_bayou, serial_bayou_crossing,
          serial_bayou_shore_b, serial_bayou_pond_e, serial_bayou_lake_a,
          minmay_misc_feat_more_columns
Depths:3: minmay_isolated_rectangles_in_corner, hangedman_coc_ice_floe,
          minmay_stone_trees_small, rand_demon_pan_entry_8,
          minmay_staircase_statues
Depths:4: gammafunk_dig_for_victory, hangedman_abyss_entry_splay,
          kennysheep_boxes, hangedman_tar_grid_catacomb, cheibriados_altar_1,
          minmay_staircase_bubble
Depths:5: grunt_crosshair, enter_ziggurat_f, hangedman_decor_opposing,
          hell_entry, serial_shops, shop_fountains, uniq_boris
Zot:2:    infiniplex_zot_generator
Abyss:3:  evilmike_abyss_exit_glass, evilmike_abyss_exit_chaos,
          due_evilmike_abyss_rune_seething_liches, evilmike_abyss_exit_12
Abyss:4:  evilmike_abyss_exit_13, bh_abyss_negative,
          evilmike_nicolae_abyss_rune_containment_curve,
          evilmike_abyss_exit_mutagenic
Abyss:5:  evilmike_abyss_exit_smiterflies, guppyfry_abyss_exit_imp_island,
          evilmike_nicolae_abyss_rune_containment_curve
IceCv:    ice_cave_caverns_03

Skill      XL: |  1  2  3  4  5  6  7  8  9 10 11 12 13 14 15 16 17 18 19 20 21 22 23 24 25 26 27 |
---------------+----------------------------------------------------------------------------------+-----
Armour         | 1 2 3 4 5 6 7 9 10 12 13 16 17 18 19 | 19.3
Bows           | 4 5 7 8 9 10 11 12 13 14 15 16 17 18 19 | 19.3
Dodging        | 2 3 4 5 6 7 8 9 10 12 13 16 17 18 19 | 19.3
Fighting       | 3 4 5 6 7 8 9 10 11 12 13 15 16 18 20 21 22 23 | 23.3
Invocations    | 6 8 10 11 | 11.7
Stealth        | 3 4 |  4.0
Staves         | 5 |  5.0
Polearms       | 11 14 | 14.0
Spellcasting   | 2 5 |  5.6
Charms         | 2 5 |  5.7

Action                   |  1- 3 |  4- 6 |  7- 9 | 10-12 | 13-15 | 16-18 | 19-21 | 22-24 | 25-27 || total
-------------------------+-------+-------+-------+-------+-------+-------+-------+-------+-------++-------
Melee: Short sword       |     8 |       |       |       |       |       |       |       |       ||     8
       Flail             |       |       |   181 |       |       |       |       |       |       ||   181
       Dagger            |       |       |   374 |   545 |       |       |       |       |       ||   919
       Scimitar          |       |       |       |    25 |       |       |       |       |       ||    25
       Lajatang          |       |       |       |       |       |    87 |       |       |       ||    87
       Great mace        |       |       |       |       |       |       |    10 |       |       ||    10
       Lance             |       |       |       |       |       |       |       |   247 |  1555 ||  1802
       Punch             |       |       |       |       |       |       |       |     1 |    20 ||    21
 Fire: Shortbow          |    53 |    69 |    84 |  1113 |       |       |       |       |       ||  1319
       Blowgun           |       |       |    20 |       |       |       |       |       |       ||    20
       Hunting sling     |       |       |       |    19 |       |       |       |       |       ||    19
       Longbow           |       |       |       |       |  1203 |  1458 |  2385 |  1628 |    29 ||  6703
Throw: Throwing net      |       |       |       |       |       |       |       |     4 |       ||     4
 Cast: Song of Slaying   |       |       |       |       |       |       |       |       |     1 ||     1
Invok: Heroism           |       |       |       |     5 |     8 |    10 |     6 |     5 |    12 ||    46
       Finesse           |       |       |       |       |     6 |    10 |     5 |     5 |    12 ||    38
Evoke: Wand              |       |       |     6 |    25 |       |       |       |       |     6 ||    37
  Use: Scroll            |       |     3 |     5 |    13 |    11 |    17 |     6 |    18 |    12 ||    85
 Stab: Distracted        |       |       |     1 |       |       |       |       |       |     2 ||     3
       Paralysed         |       |       |       |     6 |       |       |       |       |       ||     6
Armor: Leather armour    |     6 |       |       |       |       |       |       |       |       ||     6
       Ring mail         |    10 |     5 |       |       |    40 |       |       |       |       ||    55
       Scale mail        |       |       |    36 |       |       |       |       |       |       ||    36
       Plate armour      |       |       |   570 |   991 |   426 |       |       |       |       ||  1987
       Fire dragon scale |       |       |       |       |     8 |   401 |   376 |   126 |       ||   911
       Crystal plate arm |       |       |       |       |       |    27 |    18 |       |       ||    45
       Gold dragon scale |       |       |       |       |       |       |       |   509 |   577 ||  1086
Dodge: Dodged            |    19 |    14 |   334 |   744 |   578 |  1153 |  1365 |  1017 |   799 ||  6023
       Deflected         |       |       |       |       |       |       |     1 |       |       ||     1
       Rpst.: Scimitar   |       |       |       |     2 |       |       |       |       |       ||     2

Table legend:
 A = Spawn XP
 B = Non-spawn XP
 C = Spawn XP percentage of total XP
 D = Spawn monster count
 E = Non-spawn monster count
 F = Spawn count percentage of total count
 G = Total turns spent on level
                    A         B        C        D         E        F      G
               +---------+---------+-------+---------+---------+-------+---------
         Total |   53543 | 1465526 |   3.5 |     109 |    2197 |   4.7 | 72761
               +---------+---------+-------+---------+---------+-------+---------
           D:1 |       0 |      30 |   0.0 |       0 |      14 |   0.0 |   606
           D:2 |       0 |     269 |   0.0 |       0 |      16 |   0.0 |  1126
           D:3 |       0 |     289 |   0.0 |       0 |      30 |   0.0 |  1118
           D:4 |       0 |     799 |   0.0 |       0 |      12 |   0.0 |  1209
           D:5 |       0 |     892 |   0.0 |       0 |      31 |   0.0 |  2031
           D:6 |       0 |     919 |   0.0 |       0 |      36 |   0.0 |  1337
           D:7 |       0 |    4118 |   0.0 |       0 |      51 |   0.0 |  2612
           D:8 |       0 |    4392 |   0.0 |       0 |      28 |   0.0 |  3144
           D:9 |       0 |    4745 |   0.0 |       0 |      39 |   0.0 |  2017
          D:10 |       0 |    4815 |   0.0 |       0 |      21 |   0.0 |  2145
          D:11 |       0 |    3249 |   0.0 |       0 |      23 |   0.0 |   709
          D:12 |       0 |   10171 |   0.0 |       0 |      44 |   0.0 |   670
          D:13 |       0 |   10175 |   0.0 |       0 |      40 |   0.0 |   652
          D:14 |       0 |   15364 |   0.0 |       0 |      40 |   0.0 |   688
          D:15 |       0 |   15211 |   0.0 |       0 |      44 |   0.0 |  1177
        Lair:1 |       0 |    1431 |   0.0 |       0 |       4 |   0.0 |  1593
        Lair:2 |       0 |    7976 |   0.0 |       0 |      30 |   0.0 |  1736
        Lair:3 |       0 |    6629 |   0.0 |       0 |      25 |   0.0 |  1548
        Lair:4 |       0 |   16135 |   0.0 |       0 |      52 |   0.0 |  1728
        Lair:5 |       0 |   17374 |   0.0 |       0 |      82 |   0.0 |  1094
        Lair:6 |       0 |   34637 |   0.0 |       0 |      70 |   0.0 |  2449
      Shoals:1 |       0 |   19478 |   0.0 |       0 |      32 |   0.0 |   984
      Shoals:2 |       0 |   16724 |   0.0 |       0 |      36 |   0.0 |   793
      Shoals:3 |       0 |   12082 |   0.0 |       0 |      28 |   0.0 |   583
      Shoals:4 |       0 |   37367 |   0.0 |       0 |      59 |   0.0 |  1076
       Snake:1 |       0 |   28034 |   0.0 |       0 |      55 |   0.0 |   996
       Snake:2 |       0 |   24480 |   0.0 |       0 |      39 |   0.0 |  1195
       Snake:3 |       0 |   25642 |   0.0 |       0 |      43 |   0.0 |  1150
       Snake:4 |       0 |   67686 |   0.0 |       0 |     111 |   0.0 |  1395
       Slime:1 |       0 |    9831 |   0.0 |       0 |      16 |   0.0 |  1269
       Slime:2 |       0 |   30462 |   0.0 |       0 |      66 |   0.0 |  2585
       Slime:3 |       0 |   25059 |   0.0 |       0 |      34 |   0.0 |  1798
       Slime:4 |       0 |    8288 |   0.0 |       0 |      22 |   0.0 |   702
       Slime:5 |       0 |   26067 |   0.0 |       0 |      18 |   0.0 |   826
         Orc:1 |       0 |      87 |   0.0 |       0 |       5 |   0.0 |   366
         Orc:2 |       0 |   14065 |   0.0 |       0 |     117 |   0.0 |  1798
         Elf:1 |       0 |   24404 |   0.0 |       0 |      41 |   0.0 |  1466
         Elf:2 |       0 |   35763 |   0.0 |       0 |      46 |   0.0 |  2076
         Elf:3 |       0 |   75273 |   0.0 |       0 |      74 |   0.0 |  2165
      Depths:1 |       0 |   53766 |   0.0 |       0 |      75 |   0.0 |  1589
      Depths:2 |       0 |   85223 |   0.0 |       0 |      72 |   0.0 |  2010
      Depths:3 |       0 |   69952 |   0.0 |       0 |      77 |   0.0 |  1747
      Depths:4 |       0 |   45652 |   0.0 |       0 |      48 |   0.0 |  2128
      Depths:5 |       0 |  127067 |   0.0 |       0 |      92 |   0.0 |  1420
         Zot:1 |       0 |   57291 |   0.0 |       0 |      34 |   0.0 |  1145
         Zot:2 |       0 |   57629 |   0.0 |       0 |      45 |   0.0 |   946
         Zot:3 |       0 |   46270 |   0.0 |       0 |      24 |   0.0 |  1582
         Zot:4 |       0 |   64566 |   0.0 |       0 |      28 |   0.0 |   698
         Zot:5 |       0 |  193992 |   0.0 |       0 |      52 |   0.0 |  2356
       Abyss:2 |    3517 |     410 |  89.6 |       5 |       3 |  62.5 |   278
       Abyss:3 |   30015 |    5012 |  85.7 |      63 |      11 |  85.1 |   896
       Abyss:4 |   15590 |    8956 |  63.5 |      32 |      16 |  66.7 |   426
       Abyss:5 |    4421 |       0 | 100.0 |       9 |       0 | 100.0 |   129
         IceCv |       0 |    9328 |   0.0 |       0 |      46 |   0.0 |   797
               +---------+---------+-------+---------+---------+-------+---------
